 Dungeon Crawl Stone Soup version 0.30-a0-596-g0af90f9a20 (webtiles) character file.

Game seed: 11034761910343719636

25734 Persephone the Markself (level 12, -1/61 HPs)
             Began as a Deep Elf Hunter on Jan 6, 2023.
             Was an Elder of Hepliaklqana.
             Killed from afar by a manticore (18 damage)
             ... with a volley of spikes
             ... on level 12 of the Dungeon.
             The game lasted 00:29:00 (9433 turns).

Persephone the Markself (Deep Elf Hunter)           Turns: 9433, Time: 00:29:00

Health: -1/61      AC:  5    Str:  8    XL:     12   Next: 92%
Magic:  14/14      EV: 42    Int: 16    God:    Hepliaklqana [****..]
Gold:   612        SH:  0    Dex: 22    Spells: 5/11 levels left

rFire   . . .      SeeInvis .    O - +0 arbalest (drain)
rCold   . . .      Faith    .    (shield currently unavailable)
rNeg    . . .      Spirit   .    q - +0 robe {Archmagi}
rPois   .          Reflect  .    P - +0 helmet
rElec   .          Harm     .    s - +0 cloak
rCorr   .          Rampage  .    (no gloves)
Will    +....      Archmagi +    t - +0 pair of boots
Stlth   ++                       I - amulet of the acrobat
HPRegen 0.30/turn                g - +5 ring of evasion
MPRegen 0.14/turn                M - +4 ring of slaying

@: about to teleport, spiked, acrobatic
A: reduced essence
a: Renounce Religion, Recall Ancestor, Ancestor Identity, Transference, Idealise


You were on level 12 of the Dungeon.
You worshipped Hepliaklqana.
Hepliaklqana was greatly pleased with you.
You visited 2 branches of the dungeon, and saw 13 of its levels.
You also visited: Ossuary.

You collected 612 gold pieces.

Inventory:

Hand Weapons
 a - a +0 shortbow
 w - a +1 sling of freezing
 O - a +0 arbalest of draining (weapon)
Missiles
 T - a throwing net
Armour
 c - a +1 leather armour
 q - a +0 robe of the Archmagi (worn)
 s - a +0 cloak (worn)
 t - a +0 pair of boots (worn)
 u - the +0 buckler of the Storm King {rPois Str-3 Slay+4 SInv}
   (You acquired it on level 5 of the Dungeon)

   Str:       It affects your strength (-3).
   Slay:      It affects your accuracy & damage with ranged weapons and melee
   (+4).
   rPois:     It protects you from poison.
   SInv:      It lets you see invisible.
 P - a +0 helmet (worn)
Jewellery
 g - a +5 ring of evasion (left hand)
 v - a ring of magical power
 x - an amulet of regeneration
 G - a +4 ring of protection
 H - a ring of magical power
 I - an amulet of the acrobat (around neck)
 M - a +4 ring of slaying (right hand)
 N - a ring of poison resistance
 R - an amulet of magic regeneration
Wands
 r - a wand of flame (33)
 y - a wand of digging (4)
Scrolls
 b - 2 scrolls of immolation
 e - 3 scrolls of teleportation
 A - 2 scrolls of brand weapon
 D - 4 scrolls of identify
 E - a scroll of magic mapping
 F - 4 scrolls of fear {unknown}
 K - a scroll of enchant weapon
 L - a scroll of amnesia {unknown}
 Q - a scroll of enchant armour
 S - a scroll of fog
Potions
 d - 3 potions of mutation
 f - 3 potions of resistance
 h - 5 potions of attraction
 i - a potion of cancellation
 j - 3 potions of brilliance
 k - 6 potions of curing
 l - 3 potions of lignification {unknown}
 m - 2 potions of invisibility {unknown}
 n - 2 potions of degeneration {unknown}
 o - a potion of berserk rage {unknown}
 p - 2 potions of heal wounds {unknown}
 z - a potion of flight {unknown}
 B - a potion of ambrosia {unknown}
 C - 2 potions of might {unknown}
 J - 2 potions of haste


   Skills:
 - Level 5.5 Fighting
 + Level 16.7 Ranged Weapons
 + Level 12.7 Dodging
 - Level 1.2 Stealth
 - Level 3.4 Shields
 + Level 11.7 Hexes
 + Level 9.9 Translocations


You had 5 spell levels left.
You knew the following spells:

 Your Spells              Type           Power      Damage    Failure   Level
a - Portal Projectile     Hex/Tloc       100%       N/A       1%          3
b - Slow                  Hex            100%       N/A       1%          1
c - Blink                 Tloc           94%        N/A       1%          2

Your spell library contained the following spells:

 Spells                   Type           Power      Damage    Failure   Level
 Confusing Touch          Hex            54%        N/A       1%          3
 Lesser Beckoning         Tloc           94%        N/A       1%          3
 Ensorcelled Hibernation  Hex/Ice        56%        N/A       3%          2
 Momentum Strike          Conj/Tloc      46%        3d9       4%          2
 Dazzling Flash           Conj/Hex       56%        N/A       7%          3
 Vhi's Electric Charge    Tloc/Air       46%        N/A       10%         3
 Leda's Liquefaction      Hex/Erth       14%        N/A       22%         4
 Freeze                   Ice            0%         1d3       26%         1
 Shock                    Conj/Air       0%         1d3       26%         1
 Silence                  Hex/Air        14%        N/A       54%         5
 Call Canine Familiar     Summ           0%         N/A       58%         3
 Frozen Ramparts          Ice            0%         1d1       58%         3
 Hailstorm                Conj/Ice       0%         3d3       58%         3
 Vampiric Draining        Necr           0%         2d6       58%         3
 Ice Form                 Ice/Tmut       0%         N/A       94%         4
 Summon Ice Beast         Ice/Summ       0%         N/A       94%         4
 Summon Lightning Spire   Summ/Air       0%         N/A       94%         4
 Agony                    Necr           0%         N/A       100%        5
 Arcjolt                  Conj/Air       0%         1d10      100%        5
 Storm Form               Tmut/Air       0%         N/A       100%        7
 Maxwell's Capacitive Co  Air            0%         ∞         100%        8


Dungeon Overview and Level Annotations

Branches:
Dungeon (12/15)            Temple (1/1) D:5            Lair (0/5) D:11
    Orc (0/2) D:12        Ossuary (visited)

Altars:
Ashenzari
Cheibriados
Dithmenos
Elyvilon
Fedhas
Gozag
Hepliaklqana
Kikubaaqudgha
Makhleb
Nemelex Xobeh
Okawaru
Qazlal
Ru
Sif Muna
Trog
Uskayaw
Vehumet
Wu Jian
Xom
Yredelemnul
Zin
The Shining One

Shops:
D:4 ?   D:12 *

Annotations:
Temple 2 transporters


Message History

You are too injured to fight recklessly!
You are too injured to fight recklessly!
You are too injured to fight recklessly!
You are too injured to fight recklessly!
You are too injured to fight recklessly!
You are too injured to fight recklessly!
You are too injured to fight recklessly!
You are too injured to fight recklessly!
You are too injured to fight recklessly!
You are too injured to fight recklessly!
You are too injured to fight recklessly!
You are too injured to fight recklessly!
You are too injured to fight recklessly!
Fire: O) +0 arbalest (drain)
Press: ? - help, Shift-Dir - straight line, f/p - slime creature
Aim: a slime creature (severely wounded, lightly drained, 87% to hit)
You shoot a bolt. The bolt hits the slime creature!!
You drain the slime creature.
You kill the slime creature!
The manticore bites you!
* * * LOW HITPOINT WARNING * * *
The manticore claws you but does no damage.
The manticore completely misses you.
Okay, then.
Okay, then.
You feel better. The manticore closely misses you.
The manticore claws you but does no damage.
The manticore closely misses you.
Okay, then.
As you read the scroll of teleportation, it crumbles to dust.
You feel strangely unstable. The manticore completely misses you.
The manticore barely misses you. The manticore completely misses you.
The manticore attacks as you move away! The manticore closely misses you.
The manticore completely misses you. x2
The manticore flicks its tail.
The volley of spikes misses you.
The manticore flicks its tail.
The volley of spikes hits you!!
The barbed spikes become lodged in your body.
You die...

#.# ≈..............
#.######
≈.#..#....#..#.
#......#
≈..............
######.#
≈......[....... #.#
≈.#..#.†..#..#. #.#
≈..............
#.##≈≈≈≈≈≈≈.H≈≈≈≈≈≈
#..########''#
##.......@...#
#############


You could see a manticore.

Vanquished Creatures
  A centaur warrior (D:11)
  A boulder beetle (D:11)
  4 two-headed ogres
  Erica (D:11)
  Pikel (D:7)
  A deep elf zephyrmancer (D:7)
  5 cyclopes
  3 ugly things (D:11)
  A gargoyle (D:12)
  3 unseen horrors
  A yaktaur (D:11)
  A komodo dragon (D:9)
  6 trolls
  A hornet (D:9)
  4 slime creatures (D:12)
  Sigmund (D:2)
  Eustachio (D:6)
  A wyvern (D:10)
  18 yaks
  A basilisk (D:12)
  Grum (D:9)
  6 vampire mosquitoes
  An acid dragon (D:11)
  A warg (D:12)
  A water moccasin (D:7)
  5 orc warriors
  A sky beast (D:7)
  3 ice beasts
  2 ogres
  2 wolves (D:9)
  4 centaurs
  A lemure (D:7)
  A phantom (D:5)
  2 kobold brigands
  3 bullfrogs
  2 elf zombies (Ossuary)
  5 necrophages
  4 gnoll sergeants
  2 scorpions
  6 howler monkeys
  2 human zombies (Ossuary)
  A centaur zombie (Ossuary)
  2 jellies
  5 orc priests
  4 hounds
  A gnoll bouda (D:4)
  3 iguanas (D:5)
  8 orc wizards
  3 mummies
  8 adders
  18 gnolls
  An ufetubus (D:4)
  An adder zombie (Ossuary)
  A worm (D:3)
  4 dart slugs
  24 orcs
  7 endoplasms
  4 giant cockroaches
  6 goblins
  5 hobgoblins
  4 jackals (D:4)
  2 quokkas
  7 ball pythons
  A bat (D:1)
  2 frilled lizards
  A goblin zombie (Ossuary)
  10 hobgoblin zombies (Ossuary)
  2 jackal zombies (Ossuary)
  25 kobolds
  11 kobold zombies (Ossuary)
  7 orc zombies (Ossuary)
  3 rats
292 creatures vanquished.

Vanquished Creatures (collateral kills)
  A two-headed ogre (D:11)
  A skeletal warrior (D:10)
  An ugly thing (D:11)
  A cyclops (D:10)
  Joseph (D:9)
  An unseen horror (D:12)
  3 shadows
  2 basilisks (D:11)
  9 yaks
  A steam dragon (D:9)
  2 vampire mosquitoes (D:10)
  A water moccasin (D:8)
  3 centaurs
  3 kobold brigands
  A scorpion (D:7)
  A howler monkey (D:9)
  2 orc priests
  3 orc wizards
  3 gnolls (D:10)
  6 orcs
  3 kobolds (D:9)
49 creatures vanquished.

Vanquished Creatures (others)
  6 knights
  An ancestor (D:7)
7 creatures vanquished.

Grand Total: 348 creatures vanquished

Notes
Turn   | Place    | Note
-------+----------+-------------------------------------------
     0 | D:1      | Persephone the Deep Elf Hunter began the quest for the Orb.
     0 | D:1      | Reached XP level 1. HP: 12/12 MP: 3/3
   345 | D:1      | Reached XP level 2. HP: 17/17 MP: 4/4
   731 | D:2      | Reached skill level 6 in Ranged Weapons
   737 | D:2      | Identified the +3 ring mail of the Shoals {Harm rElec rC-}
   932 | D:2      | Noticed Sigmund
   945 | D:2      | Killed Sigmund
   946 | D:2      | Reached skill level 7 in Ranged Weapons
   946 | D:2      | Reached XP level 3. HP: 17/22 MP: 5/5
   946 | D:2      | Reached XP level 4. HP: 21/27 MP: 6/6
   946 | D:2      | Reached XP level 5. HP: 25/32 MP: 7/7
  1303 | D:3      | Reached skill level 8 in Ranged Weapons
  1773 | D:4      | Reached XP level 6. HP: 12/37 MP: 8/8
  1899 | D:4      | Found a large runed translucent door.
  1900 | D:4      | Found a large runed translucent door.
  1981 | D:4      | Reached skill level 9 in Ranged Weapons
  2400 | D:4      | Found Mothrac's Magic Scroll Shop.
  2472 | D:4      | Found a radiant altar of Vehumet.
  2490 | D:4      | Reached XP level 7. HP: 41/42 MP: 9/9
  2496 | D:4      | Found a basalt altar of Yredelemnul.
  2518 | D:5      | Entered Level 5 of the Dungeon
  2536 | D:5      | Found a sand-covered staircase.
  2541 | Ossuary  | Entered an ossuary
  2682 | Ossuary  | Reached skill level 10 in Ranged Weapons
  3094 | D:5      | Reached skill level 11 in Ranged Weapons
  3094 | D:5      | Reached XP level 8. HP: 48/48 MP: 10/10
  3312 | D:5      | Reached skill level 5 in Fighting
  3449 | D:5      | Reached skill level 12 in Ranged Weapons
  3471 | D:5      | Found a staircase to the Ecumenical Temple.
  3507 | Temple   | Entered the Ecumenical Temple
  3507 | Temple   | Found a transporter.
  3507 | Temple   | Found a transporter.
  3555 | Temple   | Found a transporter.
  3555 | Temple   | Found a transporter.
  3570 | Temple   | Became a worshipper of Hepliaklqana the Forgotten
  3797 | D:5      | Identified a scroll of acquirement
  3797 | D:5      | Acquired the +0 buckler of the Storm King {rPois Str-3
                  | Slay+4 SInv}
  4200 | D:6      | Reached skill level 13 in Ranged Weapons
  4402 | D:6      | Noticed Eustachio
  4410 | D:6      | Killed Eustachio
  4411 | D:6      | Reached skill level 1 in Shields
  4411 | D:6      | Reached XP level 9. HP: 54/54 MP: 11/11
  4734 | D:6      | Reached * piety under Hepliaklqana
  5093 | D:7      | Noticed a deep elf zephyrmancer
  5097 | D:7      | Killed a deep elf zephyrmancer
  5098 | D:7      | Reached skill level 14 in Ranged Weapons
  5224 | D:7      | Noticed Pikel
  5254 | D:7      | Killed Pikel
  5255 | D:7      | Reached skill level 5 in Dodging
  5315 | D:7      | Reached skill level 15 in Ranged Weapons
  5443 | D:7      | Reached XP level 10. HP: 53/53 MP: 12/12
  5558 | D:7      | Found a snail-covered altar of Cheibriados.
  5622 | D:7      | Found a glowing silver altar of Zin.
  5753 | D:8      | Noticed a two-headed ogre
  5762 | D:8      | Killed a two-headed ogre
  5771 | D:8      | Reached ** piety under Hepliaklqana
  5772 | D:8      | Remembered your ancestor Nebetia as a knight
  5840 | D:8      | Learned a level 3 spell: Portal Projectile
  5876 | D:8      | Found a hide-covered altar of Uskayaw.
  5921 | D:8      | Reached skill level 1 in Hexes
  6028 | D:8      | Reached skill level 1 in Translocations
  6247 | D:8      | Reached skill level 16 in Ranged Weapons
  6383 | D:9      | You fall into a shaft and drop 3 floors!
  6508 | D:10     | Entered Level 10 of the Dungeon
  6537 | D:10     | Noticed a cyclops
  6705 | D:10     | Noticed a skeletal warrior
  6709 | D:10     | Noticed a skeletal warrior
  6711 | D:10     | Noticed a skeletal warrior
  6764 | D:9      | Reached skill level 5 in Hexes
  6769 | D:9      | Noticed Grum
  6776 | D:9      | Killed Grum
  6821 | D:9      | Noticed Joseph
  6831 | D:9      | Killed Joseph
  6832 | D:9      | Reached XP level 11. HP: 57/57 MP: 13/13
  6909 | D:9      | Found a bloodstained altar of Trog.
  7038 | D:9      | Found a stormy altar of Qazlal.
  7041 | D:9      | Learned a level 1 spell: Slow
  7044 | D:9      | Learned a level 2 spell: Blink
  7059 | D:9      | Found a shimmering blue altar of Sif Muna.
  7260 | D:10     | Reached skill level 5 in Translocations
  7419 | D:10     | Killed a skeletal warrior
  7506 | D:10     | Reached *** piety under Hepliaklqana
  7706 | D:10     | Found a sacrificial altar of Ru.
  7863 | D:11     | Noticed Erica
  7880 | D:11     | Killed Erica
  7881 | D:11     | Reached skill level 10 in Dodging
  7897 | D:11     | Noticed a two-headed ogre
  7934 | D:11     | Killed a two-headed ogre
  7991 | D:11     | Found a staircase to the Lair.
  8009 | D:11     | Noticed a centaur warrior
  8019 | D:11     | Killed a centaur warrior
  8027 | D:11     | Noticed a two-headed ogre
  8039 | D:11     | Killed a two-headed ogre
  8078 | D:11     | Noticed a green ugly thing
  8080 | D:11     | Noticed a cyan ugly thing
  8086 | D:11     | Noticed a brown ugly thing
  8092 | D:11     | Killed a green ugly thing
  8093 | D:11     | Reached XP level 12. HP: 61/61 MP: 14/14
  8124 | D:11     | Identified the +1 scimitar of the Gibberer {heavy, rF+
                  | Str+2 Int-5}
  8126 | D:11     | Got Ohoxel's Handbook of Meteoric Maleficia
  8136 | D:11     | Noticed a boulder beetle
  8172 | D:11     | Noticed a two-headed ogre
  8181 | D:11     | Killed a two-headed ogre
  8182 | D:11     | Reached skill level 10 in Hexes
  8330 | D:11     | Identified the +6 triple sword of the Forgotten Stars
                  | {flame, *Noise rN++ SInv}
  8500 | D:11     | Killed a boulder beetle
  8554 | D:11     | Noticed a two-headed ogre
  8556 | D:11     | Killed a two-headed ogre
  8886 | D:12     | Found Kucleqolue's Assorted Antiques.
  9004 | D:12     | Found a staircase to the Orcish Mines.
  9324 | D:12     | Reached **** piety under Hepliaklqana
  9433 | D:12     | Killed from afar by a manticore

Illustrated notes

Levels and vault maps discovered:
D:1:      evilmike_arrival_crescent, layout_basic
D:2:      layout_rooms, dreamdust_princess_corridor, uniq_sigmund
D:3:      layout_basic
D:4:      layout_basic, jmf_multi_god_temple2, serial_shops,
          nicolae_lakefront_shop, minmay_misc_feat_tower
D:5:      layout_loops_cross, minmay_temple_entry_waves, enter_ossuary_5
D:6:      layout_layer_cave, uniq_eustachio
D:7:      layout_cave_pools, mainiacjoe_overflow_alcove_2, slow_altar_2,
          guppyfry_early_elven_hall, uniq_pikel
D:8:      layout_cave_pods, lemuel_round_altar, nicolae_figureground_pulse
D:9:      layout_cave_pools, mainiacjoe_overflow_paths,
          mainiacjoe_overflow_catwalk_spiral, uniq_grum, uniq_joseph
D:10:     layout_long_grid, marbit_many_paths
D:11:     minmay_the_grid_octo_tiled_squarecenter [minmay_the_grid_octo_empty,
          minmay_the_grid_octo_tetromino_candy,
          minmay_the_grid_octo_vomiting_pacman, minmay_the_grid_octo_fan_narrow,
          minmay_the_grid_square_5x5_megaprize_open,
          minmay_the_grid_square_5x5_minibox,
          minmay_the_grid_square_5x5_half_checkered,
          minmay_the_grid_square_5x5_n, minmay_the_grid_square_5x5_two_small],
          layout_basic, uniq_erica
D:12:     layout_rooms, erik_orc_4, serial_shops,
          nicolae_shop_overgrown_old_shop, kennysheep_another_room,
          kennysheep_dice
Temple:   hellmonk_temple_divided_pantheon

Skill      XL: |  1  2  3  4  5  6  7  8  9 10 11 12 |
---------------+-------------------------------------+-----
Fighting       | 2 3 4 5 |  5.5
Ranged Weapons | 7 8 9 11 13 15 16 | 16.7
Dodging        | 3 6 8 11 12 | 12.7
Shields        | 1 3 |  3.4
Hexes          | 5 9 11 | 11.7
Translocations | 4 8 9 |  9.9
Stealth        | |  1.2

Action                   |  1- 3 |  4- 6 |  7- 9 | 10-12 || total
-------------------------+-------+-------+-------+-------++-------
 Fire: Shortbow          |    58 |   200 |   246 |       ||   504
       Sling             |       |       |   155 |   488 ||   643
       Arbalest          |       |       |       |   128 ||   128
 Cast: Slow              |       |       |       |     4 ||     4
       Portal Projectile |       |       |       |     3 ||     3
Invok: Recall Ancestor   |       |       |       |     2 ||     2
       Ancestor Life: Kn |       |       |       |     1 ||     1
       Ancestor Identity |       |       |       |     1 ||     1
  Use: Scroll            |     5 |     3 |     7 |     5 ||    20
       Potion            |       |       |     2 |     1 ||     3
Armor: Leather armour    |     4 |     4 |       |       ||     8
       Robe              |       |     6 |    28 |    14 ||    48
Dodge: Dodged            |    19 |    86 |   151 |   136 ||   392
Block: Buckler           |       |       |     7 |    28 ||    35

Table legend: (Time is in decaauts)
 A = Elapsed time spent in this place.
 B = Non-inter-level travel time spent in this place.
 C = Inter-level travel time spent in this place.
 D = Time resting spent in this place.
 E = Time spent auto-exploring this place.
 F = Levels seen in this place.
 G = Mean time per level.
                   A        B        C        D        E       F      G
               +--------+--------+--------+--------+--------+-----+--------+
         Total |   9293 |   9027 |    266 |      0 |   6914 |  14 |  663.8 |
       Dungeon |   8802 |   8536 |    266 |      0 |   6666 |  12 |  733.5 |
        Temple |     81 |     81 |      0 |      0 |     52 |   1 |   81.0 |
       Ossuary |    409 |    409 |      0 |      0 |    196 |   1 |  409.0 |
               +--------+--------+--------+--------+--------+-----+--------+

Top non-repeatable levels by time:
    D:11: 994 daAuts
     D:6: 990 daAuts
     D:3: 800 daAuts
     D:4: 796 daAuts
     D:5: 788 daAuts
    D:12: 725 daAuts
     D:8: 719 daAuts
     D:7: 710 daAuts
    D:10: 672 daAuts
     D:1: 621 daAuts
     D:9: 570 daAuts
     D:2: 413 daAuts
 Ossuary: 409 daAuts
  Temple: 81 daAuts
